 Dungeon Crawl Stone Soup version 0.13.0-29-gdb529de (webtiles) character file.

2173 Lilouch the Conjurer (level 8, -7/41 HPs)
             Began as a Deep Elf Fire Elementalist on Nov 8, 2013.
             Was a Follower of Kikubaaqudgha.
             Killed by divine providence
             ... invoked by an orc priest
              (11 damage)
             ... on Level 7 of the Dungeon.
             The game lasted 01:03:19 (6770 turns).

Lilouch the Conjurer (Deep Elf Fire Elementalist)   Turns: 6770, Time: 01:03:19

HP  -7/41        AC  7     Str  5      XL: 8   Next: 82%
MP  20/25        EV 13     Int 26      God: Kikubaaqudgha [*.....]
Gold 380         SH  0     Dex 15      Spells:  7 memorised,  2 levels left

Res.Fire  : . . .   See Invis. : .   f - +3,+2 dwarf dagger (distort)
Res.Cold  : . . .   Warding    : .   C - +0 robe
Life Prot.: . . .   Conserve   : .   (no shield)
Res.Poison: +       Res.Corr.  : .   F - +1 wizard hat {Int+3}
Res.Elec. : .       Clarity    : .   U - +0 elf cloak
Sust.Abil.: . .     Spirit.Shd : .   J - +1 pair of gloves
Res.Mut.  : .       Stasis     : .   P - +0 pair of elf boots
Res.Rott. : .       Flight     : .   (no amulet)
Saprovore : . . .                    (no ring)
                                     B - ring of poison resistance

@: somewhat resistant to hostile enchantments, quite stealthy
A: no striking features
a: Receive Corpses, Renounce Religion


You were on level 7 of the Dungeon.
You worshipped Kikubaaqudgha.
Kikubaaqudgha was aware of your devotion.
You were not hungry.

You visited 2 branches of the dungeon, and saw 8 of its levels.

You collected 360 gold pieces.

Inventory:

Hand weapons
 f - a +3,+2 dwarven dagger of distortion (weapon)
 x - a cursed +1,+2 dagger of chaos
 G - a +0,+1 sling
 T - a -1,+0 orcish dagger
 Z - a +0,+1 orcish dagger (quivered)
Missiles
 t - 51 stones
 W - 13 sling bullets of frost
Armour
 C - a +0 robe (worn)
 F - a +1 wizard hat of intelligence (worn)
 J - a +1 pair of gloves (worn)
 P - a +0 pair of elven boots (worn)
 U - a +0 elven cloak (worn)
Magical devices
 g - a wand of cold (10) {unknown}
Comestibles
 b - a choko
 c - 5 bread rations
 d - a chunk of gnoll flesh
 p - 3 rotting chunks of gnoll flesh
 q - a rotting chunk of giant gecko flesh
 v - 2 meat rations
 A - 9 sultanas
 Q - 12 grapes
Scrolls
 a - a scroll of teleportation {unknown}
 i - a scroll of fog {unknown}
 j - 2 scrolls of fear {unknown}
 k - a scroll of curse weapon {unknown}
 n - a scroll of enchant weapon II {unknown}
 w - a scroll of amnesia {unknown}
 y - 2 scrolls of enchant armour
 H - a scroll of recharging {unknown}
 K - a scroll of magic mapping {unknown}
 S - a scroll of remove curse
Jewellery
 B - a ring of poison resistance (left hand)
Potions
 h - 2 potions of might {unknown}
 l - 2 potions of speed
 m - a potion of slowing {unknown}
 o - a potion of restore abilities {unknown}
 r - 2 potions of curing
 I - a potion of beneficial mutation {unknown}
 R - a potion of agility {unknown}
 X - 2 potions of magic {unknown}
 Y - a potion of heal wounds {unknown}
Books
 e - Kikubaaqudgha's Reference Book on Darkness
   (Kikubaaqudgha gifted it to you on level 6 of the Dungeon)

   Spells                             Type                      Level
   Pain                               Necromancy                   1
   Lethal Infusion                    Charms/Necromancy            2
   *Sublimation of Blood              Necromancy                   2
   *Regeneration                      Charms/Necromancy            3
   Control Undead                     Necromancy                   4


   Skills:
 - Level 2.4 Dodging
 - Level 2.4 Stealth
 + Level 7.5 Spellcasting
 * Level 8.9 Conjurations
 + Level 7.1 Fire Magic


You had 2 spell levels left.
You knew the following spells:

 Your Spells              Type           Power        Failure   Level  Hunger
a - Flame Tongue          Conj/Fire      #####        1%          1    None
b - Conjure Flame         Conj/Fire      ######..     1%          3    None
c - Fireball              Conj/Fire      ######....   10%         5    ####...
d - Sticky Flame          Conj/Fire      ######..     2%          4    ##.....
e - Throw Flame           Conj/Fire      ######       1%          2    None
f - Sublimation of Blood  Necr           #.........   12%         2    None
g - Regeneration          Chrm/Necr      #.........   21%         3    None


Dungeon Overview and Level Annotations

Branches:
Dungeon (7/27)             Temple (1/1) D:5             Orc (0/4) D:7

Altars:
Ashenzari
Cheibriados
Elyvilon
Kikubaaqudgha
Makhleb
Okawaru
Sif Muna
Trog
Vehumet
Xom
Yredelemnul
Zin
the Shining One

Shops:
D:7 %


Message History

It hits you. It hits you. It hits you.
An orc priest comes into view. It is wielding an orcish hand axe.
It hits you but does no damage. The magic dart hits you!
The orc priest shouts!
The orc priest calls down the wrath of Beogh upon you.
Something smites you!
* * * LOW HITPOINT WARNING * * *
It barely misses you.
You feel less confused.
You hear some strange, mumbled words.
The puff of flame hits you!
One of your 3 scrolls of enchant armour catches fire!
* * * LOW HITPOINT WARNING * * *
The orc priest invokes the aid of Beogh against you.
Something smites you!
You die...
Kikubaaqudgha rasps: "You have failed me!
Welcome... death!"

.......≈≈≈ .......≈≈≈≈≈
........≈≈≈≈≈.
..........≈≈≈≈≈..
..........!.≈≈≈...
....................
.....................
......................
...........@...........
#...............o......
#......%..............
##...###..%)....)..%...
#..#####.....%?.......
#. #....%.............
# #.∩.....).........
#..................)
#####..................


You could see an orc priest.

Vanquished Creatures
  Menkaure (D:5)
  An ice beast (D:5)
  An ogre (D:3)
  A centaur (D:6)
  An orc warrior (D:6)
  A giant frog (D:6)
  A wyvern skeleton (D:6)
  The ghost of Duskembrace the Ruffian, a weakling TrMo of Trog (D:4)
  4 crimson imps
  4 hounds
  A quasit (D:6)
  2 giant frog zombies (D:6)
  An electric eel (D:7)
  A jelly (D:5)
  A yellow wasp zombie (D:6)
  4 orc wizards
  A giant frog skeleton (D:4)
  3 scorpions
  5 worker ants
  A killer bee zombie (D:6)
  A sky beast zombie (D:6)
  4 gnolls (D:7)
  A worm zombie (D:5)
  5 adders
  A worm (D:6)
  An adder zombie (D:6)
  An iguana zombie (D:6)
  A giant eyeball (D:6)
  3 giant geckos
  17 orcs
  4 ball pythons
  7 bats
  A bat zombie (D:6)
  2 giant cockroaches
  13 goblins
  9 hobgoblins
  6 jackals
  9 kobolds
  A giant gecko skeleton (D:6)
  4 giant newts (D:5)
  A hobgoblin skeleton (D:6)
  A hobgoblin zombie (D:6)
  A jackal zombie (D:6)
  A kobold skeleton (D:5)
  A kobold zombie (D:6)
  4 orc zombies
  2 quokkas
  11 rats
149 creatures vanquished.

Vanquished Creatures (others)
  4 crimson imps
4 creatures vanquished.

Grand Total: 153 creatures vanquished

Notes
Turn   | Place    | Note
--------------------------------------------------------------
     0 | D:1      | Lilouch, the Deep Elf Fire Elementalist, began the quest for the Orb.
     0 | D:1      | Reached XP level 1. HP: 10/10 MP: 4/4
   305 | D:1      | Reached XP level 2. HP: 15/15 MP: 1/7
  1002 | D:2      | Found a white marble altar of Elyvilon.
  1101 | D:2      | Reached XP level 3. HP: 19/19 MP: 7/9
  1555 | D:3      | Learned a level 3 spell: Conjure Flame
  1605 | D:3      | Reached XP level 4. HP: 24/24 MP: 11/13
  1881 | D:4      | Noticed an ogre
  1906 | D:3      | Killed an ogre
  1906 | D:3      | Reached skill level 4 in Conjurations
  1906 | D:3      | Reached XP level 5. HP: 9/28 MP: 9/16
  2397 | D:4      | Reached XP level 6. HP: 32/32 MP: 17/19
  2505 | D:4      | Noticed Duskembrace's ghost (weakling TrMo)
  2524 | D:4      | Killed Duskembrace's ghost
  2524 | D:4      | Reached skill level 5 in Conjurations
  3292 | D:4      | Found a shimmering altar of Xom.
  3487 | D:4      | Reached skill level 5 in Fire Magic
  3644 | D:4      | Reached skill level 5 in Spellcasting
  3774 | D:4      | Reached XP level 7. HP: 31/36 MP: 21/21
  3935 | D:5      | Entered Level 5 of the Dungeon
  3972 | D:5      | Reached skill level 6 in Conjurations
  3993 | D:5      | Found a deep blue altar of Sif Muna.
  3998 | D:5      | Found a bloodstained altar of Trog.
  4031 | D:5      | Found a staircase to the Ecumenical Temple.
  4053 | Temple   | Entered the Ecumenical Temple
  4206 | Temple   | Became a worshipper of Kikubaaqudgha
  4505 | D:5      | Found a burning altar of Makhleb.
  4727 | D:5      | Noticed a moth of wrath
  4730 | D:5      | Found a bloodstained altar of Trog.
  4730 | D:5      | Noticed Menkaure
  4741 | D:5      | Killed Menkaure
  4741 | D:5      | Reached skill level 7 in Conjurations
  4837 | D:6      | Reached XP level 8. HP: 41/41 MP: 20/24
  4914 | D:6      | Learned a level 5 spell: Fireball
  4919 | D:6      | Learned a level 4 spell: Sticky Flame
  4924 | D:6      | Learned a level 2 spell: Throw Flame
  5282 | D:6      | Found a radiant altar of Vehumet.
  5465 | D:6      | Paralysed by a giant eyeball for 3 turns
  5569 | D:6      | Reached skill level 8 in Conjurations
  6018 | D:6      | Acquired Kikubaaqudgha's first power
  6018 | D:6      | Received a gift from Kikubaaqudgha
  6044 | D:6      | Identified Kikubaaqudgha's Reference Book on Darkness (Kikubaaqudgha gifted it to you on level 6 of the Dungeon)
  6050 | D:6      | Learned a level 2 spell: Sublimation of Blood
  6054 | D:6      | Learned a level 3 spell: Regeneration
  6475 | D:7      | Found a staircase to the Orcish Mines.
  6564 | D:7      | Found Pnucouwn's Food Boutique.
  6770 | D:7      | Killed from afar by an orc priest

Action                   |  1- 3 |  4- 6 |  7- 9 || total
-------------------------+-------+-------+-------++-------
Melee: Unarmed           |     4 |     1 |       ||     5
       Dagger            |       |    20 |    38 ||    58
       Spear             |       |    12 |       ||    12
 Fire: Sling             |       |    24 |       ||    24
Throw: Dagger            |    42 |    42 |    16 ||   100
       Dart              |     5 |       |       ||     5
       Spear             |       |    12 |     6 ||    18
       Stone             |       |     5 |     9 ||    14
 Cast: Flame Tongue      |    51 |    58 |   102 ||   211
       Conjure Flame     |       |    15 |    20 ||    35
       Throw Flame       |       |       |    61 ||    61
       Sublimation of Bl |       |       |     7 ||     7
       Sticky Flame      |       |       |     1 ||     1
  Use: Scroll            |     5 |       |     4 ||     9
       Potion            |       |     2 |       ||     2
